 Dungeon Crawl Stone Soup version 0.25-a0-464-g3004169c2b (webtiles) character file.

Game seed: 6588421226227334612, levelgen mode: deterministic

192 Gargoyl the Skirmisher (level 5, -6/48 HPs)
             Began as a Centaur Abyssal Knight on Feb 4, 2020.
             Was a Follower of Lugonu.
             Killed from afar by a raiju (13 damage)
             ... with a living lightning
             ... on level 2 of the Abyss.
             The game lasted 00:00:42 (112 turns).

Gargoyl the Skirmisher (Centaur Abyssal Knight)      Turns: 112, Time: 00:00:42

Health: -6/48      AC:  4    Str: 14    XL:     5   Next: 42%
Magic:  6/6        EV: 14    Int: 11    God:    Lugonu [*.....]
Gold:   0          SH:  0    Dex: 15    Spells: 4/4 levels left

rFire    . . .     SeeInvis .   a - +1 hand axe
rCold    . . .     Gourm    .   (no shield)
rNeg     . . .     Faith    .   b - +0 leather armour
rPois    .         Spirit   .   (no helmet)
rElec    .         Reflect  .   (no cloak)
rCorr    .         Harm     .   (no gloves)
MR       .....                  (no barding)
Stlth    ++........             (no amulet)
HPRegen  0.16/turn              (no ring)
MPRegen  0.10/turn              (no ring)

@: agile, very quick
A: large, hooves 3, deformed body, speed 2, tough skin 3
a: Depart the Abyss, Renounce Religion


You were on level 2 of the Abyss.
You worshipped Lugonu.
Lugonu was aware of your devotion.
You were not hungry.

You visited 0 branches of the dungeon, and saw 0 of its levels.
You visited the Abyss 1 time.

Inventory:

Hand Weapons
 a - a +1 hand axe (weapon)
Armour
 b - a +0 leather armour (worn)
Wands
 d - a wand of scattershot (3)
Comestibles
 c - a ration
 f - 4 chunks of flesh


   Skills:
 + Level 5.0 Fighting
 + Level 2.5 Axes
 + Level 2.1 Armour
 + Level 0.6 Dodging
 + Level 2.6 Invocations
 + Level 0.3 Evocations


You had 4 spell levels left.
You didn't know any spells.
Your spell library was empty.

Dungeon Overview and Level Annotations

Branches:
Dungeon (0/15)

Altars:


Innate Abilities, Weirdness & Mutations

You have hooves in place of feet.
Armour fits poorly on your strangely shaped body.
You cover ground very quickly.
You have extremely tough skin. (AC +3)


Message History

You have reached level 4!
You feel agile.
You have reached level 5!
The substance of the Abyss twists violently, and a gateway leading out appears!
Unknown command.
Found a blue potion.
You see here a raiju corpse.
You butcher the raiju corpse.
f - 4 chunks of flesh You see here a raiju skeleton.
Found 25 bolts.
e - a blue potion It was a potion of agility.
You feel agile all of a sudden.
A glowing orange brain comes into view.
The glowing orange brain turns its attention towards you.
Found a leather armour.
The raiju bursts into living lightning!
The living lightning hits you!
You die...

.#.... ..... .. ...
.............##. .
....#h....#......## .
.....###...###...... ..
##....#..h..#....#. .# .
#................#....#
#..................#....
#................#...#
.....#.....#...@..#
...###...###...#[.....
.....#... .#.....#...##
................# ....
.........%(......####
................###
....#.....#.....#
...###...###...#.. ..
#G.... ....#.#.


You could see a raiju.

Vanquished Creatures
  A raiju (Abyss:2)
1 creature vanquished.

Notes
Turn   | Place    | Note
-------+----------+-------------------------------------------
     0 | Abyss:1  | Gargoyl the Centaur Abyssal Knight began the quest for the
                  | Orb.
     0 | Abyss:1  | Reached XP level 1. HP: 19/19 MP: 2/2
    32 | Abyss:1  | Noticed a small abomination
    81 | Abyss:2  | Noticed a raiju
    81 | Abyss:2  | Noticed a raiju
    81 | Abyss:2  | Noticed a raiju
    81 | Abyss:2  | Noticed a raiju
    91 | Abyss:2  | Killed a raiju
    91 | Abyss:2  | Reached skill level 5 in Fighting
    91 | Abyss:2  | Reached XP level 2. HP: 3/29 MP: 3/3
    91 | Abyss:2  | Reached XP level 3. HP: 3/36 MP: 4/4
    91 | Abyss:2  | Reached XP level 4. HP: 4/42 MP: 5/5
    91 | Abyss:2  | Reached XP level 5. HP: 5/48 MP: 6/6
   108 | Abyss:2  | Noticed a glowing orange brain
   112 | Abyss:2  | Killed from afar by a raiju

Levels and vault maps discovered:
Abyss:2

Skill      XL: |  1 |
---------------+----+-----
Fighting       | 5 |  5.0
Axes           | 2 |  2.5
Armour         | 2 |  2.1
Dodging        | |  0.6
Invocations    | |  2.6
Evocations     | |  0.3

Action                   |  1- 3 |  4- 6 || total
-------------------------+-------+-------++-------
Evoke: Wand              |     3 |     1 ||     4
  Use: Potion            |       |     1 ||     1
Dodge: Dodged            |     1 |       ||     1

Table legend:
 A = Non-vault XP
 B = Vault XP
 C = Vault XP percentage of total XP
 D = Non-vault monster count
 E = Vault monster count
 F = Vault count percentage of total count
                 A         B        C        D         E       F
            +---------+---------+-------+---------+---------+-------
      Total |     275 |       0 |   0.0 |       1 |       0 |   0.0
            +---------+---------+-------+---------+---------+-------
    Abyss:2 |     275 |       0 |   0.0 |       1 |       0 |   0.0
            +---------+---------+-------+---------+---------+-------
